NCAA
KENTUCKY WILDCATS @ GEORGIA BULLDOGS
04/18/2030
 
TOP OF THE 1ST
Kentucky Wildcats batting - Pitching for Georgia Bulldogs : RHP Daniel Anderson
Pitching: RHP Daniel Anderson
Batting: RHB Haywood Young 0-0: Called Strike
0-1: Ground out 6-3 (Groundball, 6MS)
Batting: RHB Travis Kramer 0-0: Swinging Strike
0-1: Ground out 4-3 (Groundball, 34)
Batting: RHB Billy Forbes 0-0: Ball
1-0: Foul Ball, location: 2F
1-1: Ball
2-1: Foul Ball, location: 2F
2-2: Foul Ball, location: 2F
2-2: Foul Ball, location: 2F
2-2: Strikes out looking
Top of the 1st over - 0 runs, 0 hits, 0 errors, 0 left on base; Kentucky 0 - Georgia 0
BOTTOM OF THE 1ST
Georgia Bulldogs batting - Pitching for Kentucky Wildcats : LHP Matthew Samuels
Pitching: LHP Matthew Samuels
Batting: RHB José Rocha 0-0: Ball
1-0: SINGLE (Groundball, 6) (infield hit)
Batting: RHB Jay McGuire 0-0: Ball
1-0: Called Strike
1-1: Ball
2-1: Called Strike
2-2: Foul Ball, location: 2F
2-2: Strikes out swinging
Batting: SHB Andrés Coronado 0-0: Ball
1-0: Swinging Strike
1-1: Ball
Throwing error on steal attempt, E2
José Rocha to third
2-1: Called Strike
2-2: 2-RUN HOME RUN (Line Drive, 78XD), Distance : 374 ft
Batting: RHB Martín Pacheco 0-0: Ball
1-0: Foul Ball, location: 2F
1-1: Ball
2-1: Swinging Strike
2-2: Ball
3-2: Base on Balls
Batting: RHB Gerard Ford 0-0: Ball
1-0: 2-RUN HOME RUN (Flyball, 7LD), Distance : 314 ft
Batting: LHB Dan Wilson 0-0: Called Strike
0-1: Ball
1-1: Ball
2-1: Swinging Strike
2-2: Fly out, F8 (Flyball, 8LM)
Batting: RHB Jack Bowman 0-0: Ball
1-0: Foul Ball, location: 2F
1-1: Ground out 6-3 (Groundball, 6)
Bottom of the 1st over - 4 runs, 3 hits, 1 error, 0 left on base; Kentucky 0 - Georgia 4
TOP OF THE 2ND
Kentucky Wildcats batting - Pitching for Georgia Bulldogs : RHP Daniel Anderson
Batting: RHB Sam Robinson 0-0: Called Strike
0-1: Single, Error in OF, E9, batter to second base
Batting: RHB Johnny Carson 0-0: Called Strike
0-1: Ball
1-1: Called Strike
1-2: Strikes out swinging
Batting: RHB Ken Jenkins 0-0: Called Strike
0-1: Ball
1-1: Foul Ball, location: 2F
1-2: Ball
2-2: Foul Ball, location: 2F
2-2: Ball
3-2: Foul Ball, location: 2F
3-2: Fly out, F9 (Flyball, 89S)
Batting: RHB Jamal Martínez 0-0: Hit by Pitch
Batting: RHB Chris Young 0-0: Ball
1-0: Ball
2-0: Fly out, F8 (Flyball, 8LM)
Top of the 2nd over - 0 runs, 1 hit, 1 error, 2 left on base; Kentucky 0 - Georgia 4
BOTTOM OF THE 2ND
Georgia Bulldogs batting - Pitching for Kentucky Wildcats : LHP Matthew Samuels
Batting: LHB Artie Decker 0-0: Ball
1-0: Reached via error on a dropped throw, E1
Batting: RHB Stephen Marshall 0-0: Called Strike
0-1: Called Strike
0-2: Strikes out looking
Batting: RHB José Rocha 0-0: Fly out, F4 (Line Drive, 34)
Batting: RHB Jay McGuire 0-0: Ball
1-0: Ball
2-0: SINGLE (Groundball, 6M) (infield hit)
Artie Decker to second
Batting: SHB Andrés Coronado 0-0: Swinging Strike
0-1: Ground out U3 (Groundball, 34S)
Bottom of the 2nd over - 0 runs, 1 hit, 1 error, 2 left on base; Kentucky 0 - Georgia 4
TOP OF THE 3RD
Kentucky Wildcats batting - Pitching for Georgia Bulldogs : RHP Daniel Anderson
Batting: RHB Ken Walsh 0-0: Foul Ball, location: 2F
0-1: Called Strike
0-2: Strikes out swinging
Batting: RHB Haywood Young 0-0: Called Strike
0-1: Ball
1-1: Ground out 5-3 (Groundball, 56)
Batting: RHB Travis Kramer 0-0: Called Strike
0-1: Called Strike
0-2: Foul Ball, location: 2F
0-2: Fly out, F7 (Flyball, 7S)
Top of the 3rd over - 0 runs, 0 hits, 0 errors, 0 left on base; Kentucky 0 - Georgia 4
BOTTOM OF THE 3RD
Georgia Bulldogs batting - Pitching for Kentucky Wildcats : LHP Matthew Samuels
Batting: RHB Martín Pacheco 0-0: Ball
1-0: Ball
2-0: Ball
3-0: Called Strike
3-1: Called Strike
3-2: Fly out, F5 (Popup, 56S)
Batting: RHB Gerard Ford 0-0: Called Strike
0-1: Swinging Strike
0-2: Strikes out swinging
Batting: LHB Dan Wilson 0-0: SINGLE (Groundball, 6MD)
Batting: RHB Jack Bowman 0-0: Ball
1-0: Ball
2-0: Called Strike
2-1: Ball
3-1: Ground out 5-3 (Groundball, 56S)
Bottom of the 3rd over - 0 runs, 1 hit, 0 errors, 1 left on base; Kentucky 0 - Georgia 4
TOP OF THE 4TH
Kentucky Wildcats batting - Pitching for Georgia Bulldogs : RHP Daniel Anderson
Batting: RHB Billy Forbes 0-0: Ball
1-0: Called Strike
1-1: Ball
2-1: Swinging Strike
2-2: Ball
3-2: Strikes out swinging
Batting: RHB Sam Robinson 0-0: Foul Ball, location: 2F
0-1: Ball
1-1: Ball
2-1: Foul Ball, location: 2F
2-2: Foul Ball, location: 2F
2-2: SOLO HOME RUN (Flyball, 7LD), Distance : 329 ft
Batting: RHB Johnny Carson 0-0: Ball
1-0: Foul Ball, location: 2F
1-1: Ball
2-1: Ball
3-1: Base on Balls
Batting: RHB Ken Jenkins 0-0: Ball
1-0: Called Strike
1-1: Ball
2-1: Foul Ball, location: 2F
2-2: Strikes out swinging
Batting: RHB Jamal Martínez 0-0: Swinging Strike
0-1: Foul Ball, location: 2F
0-2: Ball
1-2: Foul Ball, location: 2F
1-2: Fly out, F9 (Flyball, 9LM)
Top of the 4th over - 1 run, 1 hit, 0 errors, 1 left on base; Kentucky 1 - Georgia 4
BOTTOM OF THE 4TH
Georgia Bulldogs batting - Pitching for Kentucky Wildcats : LHP Matthew Samuels
Batting: LHB Artie Decker 0-0: Called Strike
0-1: Ground out 4-3 (Groundball, 34)
Batting: RHB Stephen Marshall 0-0: Foul Ball, location: 2F
0-1: Ball
1-1: Foul Ball, location: 2F
1-2: Ball
2-2: Foul Ball, location: 2F
2-2: Fly out, F9 (Flyball, 9)
Batting: RHB José Rocha 0-0: Ball
1-0: Called Strike
1-1: Called Strike
1-2: Ground out U3 (Groundball, 23)
Bottom of the 4th over - 0 runs, 0 hits, 0 errors, 0 left on base; Kentucky 1 - Georgia 4
TOP OF THE 5TH
Kentucky Wildcats batting - Pitching for Georgia Bulldogs : RHP Daniel Anderson
Batting: RHB Chris Young 0-0: Foul Ball, location: 2F
0-1: SOLO HOME RUN (Flyball, 7LD), Distance : 324 ft
Batting: RHB Ken Walsh 0-0: Foul Ball, location: 2F
0-1: Fly out, F3 (Popup, 34S)
Batting: RHB Haywood Young 0-0: Ball
1-0: Foul Ball, location: 2F
1-1: Fly out, F3 (Popup, 3SF)
Batting: RHB Travis Kramer 0-0: Called Strike
0-1: Foul Ball, location: 2F
0-2: Ball
1-2: Fly out, F8 (Flyball, 8LD)
Top of the 5th over - 1 run, 1 hit, 0 errors, 0 left on base; Kentucky 2 - Georgia 4
BOTTOM OF THE 5TH
Georgia Bulldogs batting - Pitching for Kentucky Wildcats : LHP Matthew Samuels
Batting: RHB Jay McGuire 0-0: Foul Ball, location: 2F
0-1: Ball
1-1: Ball
2-1: Fly out, F9 (Flyball, 89XD)
Batting: SHB Andrés Coronado 0-0: Ball
1-0: Ball
2-0: Ball
3-0: Base on Balls
Batting: RHB Martín Pacheco 0-0: Called Strike
0-1: Called Strike
0-2: Strikes out swinging
Batting: RHB Gerard Ford 0-0: Called Strike
0-1: Called Strike
0-2: Foul Ball, location: 2F
0-2: Ball
1-2: Ball
2-2: Fly out, F7 (Flyball, 78M)
Bottom of the 5th over - 0 runs, 0 hits, 0 errors, 1 left on base; Kentucky 2 - Georgia 4
TOP OF THE 6TH
Kentucky Wildcats batting - Pitching for Georgia Bulldogs : RHP Daniel Anderson
Batting: RHB Billy Forbes 0-0: Called Strike
0-1: Foul Ball, location: 2F
0-2: Ball
1-2: Foul Ball, location: 2F
Error on foul ball, E7
1-2: SINGLE (Groundball, 34) (infield hit)
Pitching: LHP Mark Williams
Batting: RHB Sam Robinson 0-0: Ball
1-0: Ball
2-0: Ball
3-0: Called Strike
3-1: Foul Ball, location: 2F
3-2: Base on Balls
Billy Forbes to second
Batting: RHB Johnny Carson 0-0: Ball
1-0: Ball
2-0: Called Strike
2-1: Ball
3-1: Called Strike
3-2: Strikes out swinging
Batting: RHB Ken Jenkins 0-0: Ground out 3-1 (Groundball, 34S)
Billy Forbes to third
Sam Robinson to second
Batting: RHB Jamal Martínez 0-0: Ball
1-0: Ball
2-0: Swinging Strike
2-1: Called Strike
2-2: Foul Ball, location: 2F
2-2: Ball
3-2: Strikes out looking
Top of the 6th over - 0 runs, 1 hit, 1 error, 2 left on base; Kentucky 2 - Georgia 4
BOTTOM OF THE 6TH
Georgia Bulldogs batting - Pitching for Kentucky Wildcats : LHP Matthew Samuels
Pitching: RHP James Baker
Batting: LHB Dan Wilson 0-0: Ball
1-0: Foul Ball, location: 2F
1-1: Foul Ball, location: 2F
1-2: Ball
2-2: Ball
3-2: Foul Ball, location: 2F
3-2: DOUBLE (Line Drive, 89D)
Batting: RHB Jack Bowman 0-0: Swinging Strike
0-1: Fly out, F8 (Flyball, 78XD)
Runner from 2nd tags up, SAFE at 3rd, no throw
Batting: LHB Artie Decker 0-0: Ball
1-0: Called Strike
1-1: Foul Ball, location: 2F
1-2: Foul Ball, location: 2F
1-2: Ball
2-2: Ball
3-2: Base on Balls
Batting: RHB Stephen Marshall 0-0: Ground out 3-1 (Groundball, 34S)
Artie Decker to second
Batting: RHB José Rocha 0-0: Ball
1-0: Called Strike
1-1: Fly out, F4 (Popup, 13S)
Bottom of the 6th over - 0 runs, 1 hit, 0 errors, 2 left on base; Kentucky 2 - Georgia 4
TOP OF THE 7TH
Kentucky Wildcats batting - Pitching for Georgia Bulldogs : LHP Mark Williams
Batting: RHB Chris Young 0-0: Swinging Strike
0-1: Ball
1-1: Ball
2-1: Ball
3-1: Base on Balls
Batting: RHB Ken Walsh 0-0: Called Strike
0-1: SINGLE (Groundball, 25) (infield hit)
Chris Young to second
Batting: RHB Haywood Young 0-0: SINGLE (Groundball, 4MS) (infield hit)
Chris Young to third
Ken Walsh to second
Batting: RHB Travis Kramer 0-0: Ball
1-0: Foul Ball, location: 2F
1-1: Foul Ball, location: 2F
1-2: Ball
2-2: SINGLE (Flyball, 7LS)
Chris Young scores
Ken Walsh to third
Haywood Young to second
Batting: RHB Billy Forbes 0-0: Called Strike
0-1: Grounds into fielders choice 3-2 (Groundball, 34S)
Haywood Young to third
Travis Kramer to second
Batting: RHB Sam Robinson 0-0: Ball
1-0: Ball
2-0: Called Strike
2-1: SINGLE (Line Drive, 6D)
Haywood Young scores
Travis Kramer to third
Billy Forbes to second
Runner from 3rd tries for Home, SAFE, no throw
Pitching: RHP Greg Connor
Batting: RHB Johnny Carson 0-0: Called Strike
0-1: Swinging Strike
0-2: Strikes out swinging
Batting: RHB Ken Jenkins 0-0: Called Strike
0-1: 3-RUN HOME RUN (Flyball, 7LD), Distance : 318 ft
Batting: RHB Jamal Martínez 0-0: Ball
1-0: Foul Ball, location: 2F
1-1: Ball
2-1: Swinging Strike
2-2: Foul Ball, location: 2F
2-2: Foul Ball, location: 2F
2-2: Fly out, F9 (Flyball, 89D)
Top of the 7th over - 6 runs, 5 hits, 0 errors, 0 left on base; Kentucky 8 - Georgia 4
BOTTOM OF THE 7TH
Georgia Bulldogs batting - Pitching for Kentucky Wildcats : RHP James Baker
Batting: RHB Jay McGuire 0-0: Ball
1-0: Ground out 6-3 (Groundball, 56)
Batting: SHB Andrés Coronado 0-0: Ball
1-0: SINGLE (Groundball, 4MD)
Batting: RHB Martín Pacheco 0-0: SINGLE (Groundball, 6M) (infield hit)
Andrés Coronado to second
Batting: RHB Gerard Ford 0-0: Called Strike
0-1: Ball
1-1: Foul Ball, location: 2F
1-2: Strikes out looking
Batting: LHB Dan Wilson 0-0: Fly out, F8 (Flyball, 8LD)
Bottom of the 7th over - 0 runs, 2 hits, 0 errors, 2 left on base; Kentucky 8 - Georgia 4
TOP OF THE 8TH
Kentucky Wildcats batting - Pitching for Georgia Bulldogs : RHP Greg Connor
Batting: RHB Chris Young 0-0: Ground out 5-3 (Groundball, 56)
Batting: RHB Ken Walsh 0-0: Called Strike
0-1: SOLO HOME RUN (Flyball, 7LD), Distance : 336 ft
Batting: RHB Haywood Young 0-0: Called Strike
0-1: Ball
1-1: Swinging Strike
1-2: SINGLE (Groundball, 56D)
Batting: RHB Travis Kramer 0-0: Ball
1-0: Ball
2-0: Called Strike
2-1: Called Strike
2-2: Foul Ball, location: 2F
2-2: Foul Ball, location: 2F
2-2: SINGLE (Flyball, 7S)
Haywood Young to second
Batting: RHB Billy Forbes 0-0: Ball
1-0: Called Strike
1-1: Foul Ball, location: 2F
1-2: Strikes out swinging
Batting: RHB Sam Robinson 0-0: Called Strike
0-1: Foul Ball, location: 2F
0-2: Ball
1-2: Strikes out swinging
Top of the 8th over - 1 run, 3 hits, 0 errors, 2 left on base; Kentucky 9 - Georgia 4
BOTTOM OF THE 8TH
Georgia Bulldogs batting - Pitching for Kentucky Wildcats : RHP James Baker
Batting: RHB Jack Bowman 0-0: Foul Ball, location: 2F
0-1: Foul Ball, location: 2F
0-2: Strikes out looking
Batting: LHB Artie Decker 0-0: SINGLE (Groundball, 3L) (infield hit)
Batting: RHB Stephen Marshall 0-0: Fielders Choice at 2nd, 6-4 (Groundball, 6)
Batting: RHB José Rocha 0-0: SINGLE (Line Drive, 89S)
Stephen Marshall to second
Batting: RHB Jay McGuire 0-0: Foul Ball, location: 2F
0-1: Ball
1-1: Ball
2-1: Called Strike
2-2: Fly out, F7 (Flyball, 7)
Bottom of the 8th over - 0 runs, 2 hits, 0 errors, 2 left on base; Kentucky 9 - Georgia 4
TOP OF THE 9TH
Kentucky Wildcats batting - Pitching for Georgia Bulldogs : RHP Greg Connor
Batting: RHB Johnny Carson 0-0: Ball
1-0: Ball
2-0: Called Strike
2-1: Foul Ball, location: 2F
2-2: Foul Ball, location: 2F
2-2: Fly out, F8 (Flyball, 8RD)
Batting: RHB Ken Jenkins 0-0: Ball
1-0: Ball
2-0: Called Strike
2-1: Swinging Strike
2-2: Strikes out swinging
Batting: RHB Jamal Martínez 0-0: Ball
1-0: Called Strike
1-1: Ball
2-1: Foul Ball, location: 2F
2-2: TRIPLE (Line Drive, 78XD)
Pitching: RHP Roberto Castillo
Batting: RHB Chris Young 0-0: Called Strike
0-1: Ball
1-1: Ball
2-1: Ball
3-1: Foul Ball, location: 2F
3-2: Base on Balls
Batting: RHB Ken Walsh 0-0: Foul Ball, location: 2F
0-1: Fly out, F8 (Flyball, 8RM)
Top of the 9th over - 0 runs, 1 hit, 0 errors, 2 left on base; Kentucky 9 - Georgia 4
BOTTOM OF THE 9TH
Georgia Bulldogs batting - Pitching for Kentucky Wildcats : RHP James Baker
Batting: SHB Andrés Coronado 0-0: Swinging Strike
0-1: Swinging Strike
0-2: Foul Ball, location: 2F
0-2: Ball
1-2: Strikes out swinging
Batting: RHB Martín Pacheco 0-0: Ball
1-0: Foul Ball, location: 2F
1-1: Swinging Strike
1-2: Strikes out swinging
Batting: RHB Gerard Ford 0-0: Called Strike
0-1: Ball
1-1: Fly out, F9 (Flyball, 9S)
Bottom of the 9th over - 0 runs, 0 hits, 0 errors, 0 left on base; Kentucky 9 - Georgia 4
Saturday, April 7th, 2018 - OOTP Baseball 18.8 Build 76